 Dungeon Crawl Stone Soup version 0.21.1-1-g345015f (webtiles) character file.

168 diana the Poker (level 5, 0/40 HPs)
             Began as a Merfolk Gladiator on May 29, 2018.
             Slain by a worm (3 damage)
             ... on level 3 of the Dungeon.
             The game lasted 00:06:51 (2277 turns).

diana the Poker (Merfolk Gladiator)                 Turns: 2277, Time: 00:06:52

Health: 0/40       AC:  5    Str: 14    XL:     5   Next: 49%
Magic:  5/5        EV: 13    Int:  5    God:
Gold:   144        SH:  0    Dex: 16    Spells: 4/4 levels left

rFire    . . .     SeeInvis .   a - +0 trident
rCold    . . .     Gourm    .   (no shield)
rNeg     . . .     Faith    .   t - +0 leather armour {rPois}
rPois    +         Spirit   .   c - +0 helmet
rElec    .         Reflect  .   v - +0 cloak
rCorr    .         Harm     .   (no gloves)
MR       .....                  (no boots)
Stlth    +.........             (no amulet)
HPRegen  0.13/turn              e - -3 ring of intelligence (curse)
MPRegen  0.09/turn              (no ring)

@: heavily drained
A: change form in water, swift swim, stealthy swim
a: no special abilities


You were on level 3 of the Dungeon.
You were hungry.

You visited 1 branch of the dungeon, and saw 3 of its levels.

You collected 144 gold pieces.

Inventory:

Hand Weapons
 a - a +0 trident (weapon)
Missiles
 d - 3 throwing nets (quivered)
Armour
 b - a +0 leather armour
 c - a +0 helmet (worn)
 t - a +0 leather armour of poison resistance (worn)
 v - a +0 cloak (worn)
Magical Staves
 r - an uncursed staff of summoning
Jewellery
 e - a cursed -3 ring of intelligence (left hand)
 m - an uncursed amulet of harm
Scrolls
 g - a scroll of teleportation {unknown}
 h - a scroll of enchant weapon {unknown}
 j - 5 scrolls of identify {unknown}
 l - 2 scrolls of fog {unknown}
 u - a scroll of remove curse {unknown}
Potions
 i - 2 potions of curing {unknown}
 k - a potion of lignification {unknown}
 o - a potion of resistance {unknown}
 p - a potion of magic {unknown}
 q - 2 potions of heal wounds {unknown}
 s - a potion of degeneration {unknown}
 w - a potion of flight {unknown}
Books
 n - a book of Transfigurations

   Spells                             Type                      Level
   a - Irradiate                      Conjuration/Transmutation    5
   b - Statue Form                    Transmutation/Earth          6
   c - Hydra Form                     Transmutation                6
   d - Dragon Form                    Transmutation                7
Comestibles
 f - 5 rations


   Skills:
 - Level 2.9(1.4) Fighting
 * Level 6.5(4.9) Polearms
 - Level 2.0(0.6) Throwing
 - Level 1.2(0.0) Armour
 + Level 5.2(3.6) Dodging
 - Level 0.6(0.0) Stealth


You had 4 spell levels left.
You didn't know any spells.

Dungeon Overview and Level Annotations

Branches:
Dungeon (3/15)

Altars:
Makhleb
The Shining One

Annotations:
D:3 Jaiteiro's ghost, amateur GrIE


Message History

The orc misses you. The worm barely misses you.
You closely miss the orc.
The orc is heavily wounded.
The orc closely misses you. The worm barely misses you.
You hit the orc but do no damage.
The orc is heavily wounded.
The orc barely misses you.
You hit the orc.
The orc is almost dead.
The orc hits you with a morningstar.
* * * LOW HITPOINT WARNING * * *
The worm barely misses you.
You barely miss the orc.
The orc is almost dead.
The orc misses you. The worm bites you!
* * * LOW HITPOINT WARNING * * *
You hit the orc.
You kill the orc!
You barely miss the worm. The worm bites you.
You die...

#.#
#..........#
#.#
######.#####
.# #.# #.#
###.## #
#....# #
#....# ...
.(.####....#
...
...>...@...#
...
...####)w..#
... .....#
.......
......#
.......
.......#
.......
........#
.......
.........#
.......
.......#.##
.......


You could see a worm.

Vanquished Creatures
  Crazy Yiuf (D:2)
  A worker ant (D:3)
  4 adders
  An ooze (D:1)
  4 worms
  3 dart slugs
  A leopard gecko (D:2)
  An orc (D:3)
  A ball python (D:1)
  7 bats
  3 giant cockroaches
  13 goblins
  8 hobgoblins
  8 kobolds
  7 rats
63 creatures vanquished.

Notes
Turn   | Place    | Note
-------+----------+-------------------------------------------
     0 | D:1      | diana the Merfolk Gladiator began the quest for the Orb.
     0 | D:1      | Reached XP level 1. HP: 16/16 MP: 1/1
    81 | D:1      | Reached XP level 2. HP: 21/23 MP: 2/2
   260 | D:1      | Reached XP level 3. HP: 28/28 MP: 3/3
   374 | D:1      | Reached skill level 5 in Polearms
   488 | D:2      | Reached skill level 5 in Dodging
   561 | D:2      | Reached XP level 4. HP: 12/34 MP: 4/4
   927 | D:2      | Found a runed door.
  1160 | D:2      | Found a glowing golden altar of the Shining One.
  1259 | D:2      | Reached skill level 1 in Armour
  1274 | D:2      | Found a burning altar of Makhleb.
  1274 | D:2      | Noticed a blizzard demon
  1400 | D:2      | Noticed Crazy Yiuf
  1413 | D:2      | Killed Crazy Yiuf
  1413 | D:2      | Reached skill level 6 in Polearms
  1413 | D:2      | Reached XP level 5. HP: 7/40 MP: 5/5
  1677 | D:3      | Noticed Jaiteiro's ghost (amateur GrIE)
  2277 | D:3      | Slain by a worm

Skill      XL: |  1  2  3  4 |
---------------+-------------+-----
Polearms       | 5 6 |  6.5
Dodging        | 5 |  5.2
Armour         | 1 |  1.2
Fighting       | |  2.9
Throwing       | |  2.0
Stealth        | |  0.6

Action                   |  1- 3 |  4- 6 || total
-------------------------+-------+-------++-------
Melee: Trident           |   108 |   141 ||   249
 Stab: Sleeping          |     2 |     3 ||     5
  Eat: Chunk             |       |     4 ||     4
Armor: Leather armour    |    18 |    36 ||    54
Dodge: Dodged            |    46 |    93 ||   139
